cohdb
Replays
Latest Replays
All Replays
Popular Replays
Top Player Replays
Match Explorer
How It Works
Community
CoH3 Stats
Reddit
Sign in to upload your games and track your stats! →
Sign in with Steam
Match 37397281
Unlisted
Match 37397281
Overview
Messages
Build Orders
End
Panzergrenadier Squad
Selects Italian Infantry
Selects Italian Infantry
Selects Italian Infantry
Panzergrenadier Squad
Panzergrenadier Squad
Construct Light Support Kompanie
Combat Half-tracks
250 Light Carrier
Selects Guastatori Squad
Selects L6/40 Light Tank Combat Group
L6/40 Light Tank Combat Group
Panzerjäger Mechanized Group
Selects Defensive Operations
Fire Support Elements
Guastatori Squad
Selects Prepared Positions
Construct Panzerarmee Kommand
Armored Reserves
Selects Propaganda War
Propaganda War
StuG Assault Group
BorzoiWitcher
cћk247
Mou
Voodoo408
Havoc
Bruckley
HackerBlack_Sunday
ckdgus813
0
0
Comments
sign in to comment!
No comments posted yet!